 Dungeon Sprint DCSS version 0.29-a0-468-ge57f7f99b4 (webtiles) character file.

Game seed: 13883641478337868423

476 mhtbhm the Cleaver (level 7, -2/71 HPs)
             Began as a Hill Orc Fighter on May 21, 2022.
             Slain by a deep elf pyromancer
             ... wielding a +2 long sword of holy wrath
              (5 damage)
             ... in the Dungeon (Sprint III: "The Ten Rune Challenge").
             The game lasted 00:01:26 (676 turns).

mhtbhm the Cleaver (Hill Orc Fighter)                Turns: 676, Time: 00:01:26

Health: -2/71      AC: 10    Str: 21    XL:     7   Next: 10%
Magic:  7/7        EV:  9    Int:  8    God:
Gold:   22         SH:  5    Dex: 10    Spells: 6/6 levels left

rFire   . . .      SeeInvis .   a - +0 war axe
rCold   . . .      Faith    .   c - +0 buckler
rNeg    . . .      Spirit   .   b - +0 scale mail
rPois   .          Reflect  .   (no helmet)
rElec   .          Harm     .   (no cloak)
rCorr   .          Rampage  .   (no gloves)
Will    .....      NoTele   +   k - +0 pair of boots
Stlth   ..........              (no amulet)
HPRegen 0.21/turn               (no ring)
MPRegen 0.10/turn               (no ring)

@: no status effects
A: no striking features
a: no special abilities


You were in the Dungeon.
You visited 1 branch You collected 22 gold pieces.

Inventory:

Hand Weapons
 a - a +0 war axe (weapon)
Armour
 b - a +0 scale mail (worn)
 c - a +0 buckler (worn)
 k - a +0 pair of boots (worn)
Scrolls
 i - 2 scrolls of torment {unknown}
 l - 2 scrolls of identify {unknown}
Potions
 d - 2 potions of might
 h - 2 potions of magic
 m - 4 potions of flight
 o - 4 potions of mutation


   Skills:
 + Level 9.7 Fighting
 + Level 9.8 Axes
 + Level 9.6 Armour
 + Level 0.6 Dodging
 + Level 1.0 Stealth
 + Level 7.5 Shields


You had 6 spell levels left.
You didn't know any spells.
Your spell library contained the following spells:

 Spells                   Type           Power      Damage    Failure   Level
 Poisonous Vapours        Pois/Air       0%         N/A       88%         2
 Gell's Gravitas          Tloc           0%         N/A       98%         3
 Teleport Other           Tloc           0%         N/A       98%         3
 Corpse Rot               Necr/Pois/Air  0%         N/A       100%        4
 Dispersal                Tloc           0%         N/A       100%        6


Dungeon Overview and Level Annotations

Branches:
Dungeon (1/1)

Altars:
Elyvilon
Kikubaaqudgha
Okawaru
Sif Muna
Trog
Uskayaw
Vehumet
Wu Jian
Zin
The Shining One
Beogh


Message History

You slash the deep elf pyromancer!
The deep elf pyromancer is moderately wounded.
You closely miss the fire elemental. You hit the fire elemental.
The deep elf pyromancer mumbles some strange words.
The deep elf pyromancer blinks!
The fire elemental barely misses you. The fire elemental hits you.
The fire elemental burns you!
You barely miss the fire elemental.
The fire elemental is lightly damaged.
You hit the fire elemental but do no damage.
The fire elemental closely misses you. The fire elemental hits you.
The fire elemental burns you! The fire elemental hits you.
The fire elemental burns you! The fire elemental hits you.
The fire elemental burns you!
The deep elf pyromancer gestures at you while chanting.
The sticky flame hits you.
You are covered in liquid flames!
There is an open door here.
You are covered in liquid flames!
You are no longer on fire.
The deep elf pyromancer hits you with a +2 long sword of holy wrath.
You slash the deep elf pyromancer!
The deep elf pyromancer is severely wounded.
You hit the fire elemental. You block the fire elemental's attack.
The deep elf pyromancer gestures at you while chanting.
The sticky flame hits you.
You are covered in liquid flames!
* * * LOW HITPOINT WARNING * * *
The fire elemental hits you. The fire elemental burns you!
* * * LOW HITPOINT WARNING * * *
The deep elf pyromancer drinks a potion.
The deep elf pyromancer is healed!
You hit the deep elf pyromancer.
The deep elf pyromancer is moderately wounded.
You completely miss the fire elemental.
You are covered in liquid flames!
* * * LOW HITPOINT WARNING * * *
You are no longer on fire.
The fire elemental barely misses you.
The deep elf pyromancer hits you with a +2 long sword of holy wrath.
You die...

▓▓▓▓▓▓▓ ▓▓▓ '.....♣
♣.######### #.....♣
♣♣.#__°#___# #.....♣
♣..#.○E#__.#
#....≈♣♣♣♣..###E#'###+##
#...≈≈♣.....#...@e.....#
#..≈≈≈≈♣♣...'.⌠........#
#..≈≈≈≈≈≈...#...######+#
#.≈≈≈≈≈≈....#.⌠.#
#†≈≈≈≈≈.....#...#
#.≈≈≈.......#)###
#...........#.).#
............#___#
▓▓▓▓▓▓▓▓▓▓▓▓▓▓▓▓▓


You could see a deep elf pyromancer and 2 fire elementals.

Vanquished Creatures
  A water elemental (D)
  A scorpion (D)
  Jessica (D)
  A wizard (D)
  A kobold demonologist (D)
  3 humans (D)
  An endoplasm (D)
  2 rats (D)
11 creatures vanquished.

Notes
Turn   | Place    | Note
-------+----------+-------------------------------------------
     0 | D        | mhtbhm the Hill Orc Fighter began the quest for the Orb.
     0 | D        | Reached XP level 1. HP: 19/19 MP: 1/1
   141 | D        | Noticed Jessica
   147 | D        | Killed Jessica
   148 | D        | Reached skill level 5 in Fighting
   148 | D        | Reached XP level 2. HP: 18/29 MP: 2/2
   148 | D        | Reached XP level 3. HP: 23/36 MP: 3/3
   265 | D        | Noticed a scorpion
   271 | D        | Killed a scorpion
   272 | D        | Reached skill level 5 in Axes
   272 | D        | Reached skill level 5 in Shields
   272 | D        | Reached XP level 4. HP: 45/45 MP: 4/4
   378 | D        | Noticed a water elemental
   381 | D        | Killed a water elemental
   382 | D        | Reached XP level 5. HP: 47/52 MP: 5/5
   387 | D        | Found a radiant altar of Vehumet.
   387 | D        | Found a shimmering blue altar of Sif Muna.
   387 | D        | Found an ancient bone altar of Kikubaaqudgha.
   398 | D        | Found a hide-covered altar of Uskayaw.
   398 | D        | Found a roughly hewn altar of Beogh.
   398 | D        | Found an iron altar of Okawaru.
   398 | D        | Found a bloodstained altar of Trog.
   398 | D        | Found an ornate altar of the Wu Jian Council.
   398 | D        | Noticed a human
   399 | D        | Noticed a human
   407 | D        | HP: 1/53 [human/+0 mace (5)]
   421 | D        | Killed a human
   422 | D        | Reached XP level 6. HP: 18/63 MP: 6/6
   427 | D        | Killed a human
   428 | D        | Reached skill level 1 in Stealth
   428 | D        | Reached XP level 7. HP: 24/71 MP: 7/7
   668 | D        | Found a glowing silver altar of Zin.
   668 | D        | Found a glowing golden altar of the Shining One.
   668 | D        | Found a white marble altar of Elyvilon.
   669 | D        | Noticed a deep elf pyromancer
   670 | D        | Noticed a fire elemental
   670 | D        | Noticed a fire elemental
   676 | D        | HP: 2/71 [burnt (5)]
   676 | D        | Slain by a deep elf pyromancer

Illustrated notes

Levels and vault maps discovered:
D:        dungeon_sprint_mu [sprint_mu_entry_forest, sprint_mu_temple_rooms,
          sprint_mu_d1_horrors, sprint_mu_d2_genie, sprint_mu_d3_branching,
          sprint_mu_orc_legion, sprint_mu_elf_gauntlet, sprint_mu_hive_nellie,
          sprint_mu_lair_fedhas, sprint_mu_vaults_butterflies,
          sprint_mu_slime_circle, sprint_mu_swamp_cave, sprint_mu_shoals_kraken,
          sprint_mu_blade_basic, sprint_mu_crypt_chambers,
          sprint_mu_tomb_spiral, sprint_mu_vestibule_basic,
          sprint_mu_gehenna_hellfire, sprint_mu_dis_giant,
          sprint_mu_tartarus_statrot, sprint_mu_cocytus_islands, sprint_mu_zot1]

Skill      XL: |  1  2  3  4  5  6 |
---------------+-------------------+-----
Fighting       | 5 6 7 9 |  9.7
Axes           | 4 5 6 8 9 |  9.8
Armour         | 4 6 7 9 |  9.6
Shields        | 4 5 6 7 |  7.5
Stealth        | 1 |  1.0
Dodging        | |  0.6

Action                   |  1- 3 |  4- 6 |  7- 9 || total
-------------------------+-------+-------+-------++-------
Melee: War axe           |    12 |    34 |     4 ||    50
  Use: Potion            |     1 |     5 |       ||     6
       Scroll            |       |     1 |       ||     1
Armor: Scale mail        |     7 |    11 |     5 ||    23
Dodge: Dodged            |     3 |    13 |     5 ||    21
Block: Buckler           |     1 |     7 |     1 ||     9

Table legend: (Time is in decaauts)
 A = Elapsed time spent in this place.
 B = Non-inter-level travel time spent in this place.
 C = Inter-level travel time spent in this place.
 D = Time resting spent in this place.
 E = Time spent auto-exploring this place.
 F = Levels seen in this place.
 G = Mean time per level.
                   A        B        C        D        E       F      G
               +--------+--------+--------+--------+--------+-----+--------+
         Total |    680 |    680 |      0 |    344 |    133 |   1 |  680.0 |
       Dungeon |    680 |    680 |      0 |    344 |    133 |   1 |  680.0 |
               +--------+--------+--------+--------+--------+-----+--------+

Top non-repeatable levels by time:
       D: 680 daAuts
